[Event "ICC tourney 2517 (60 10)"]
[Site "Internet Chess Club"]
[Date "2021.04.17"]
[Round "3"]
[White "Gyorgy, Zalan:z88"]
[Black "HARDAWAY, BREWINGTON:CoolBoy2020"]
[Result "0-1"]
[ICCResult "White resigns"]
[WhiteElo "1418"]
[BlackElo "2201"]
[Opening "Sicilian: Kan, Maróczy bind (Réti variation)"]
[ECO "B41"]
[NIC "SI.41"]
[Time "16:31:10"]
[PlyCount "78"]
[TimeControl "3600+10"]

1. e4 c5 2. Nf3 e6 3. d4 cxd4 4. Nxd4 a6 5. c4 Nf6 6. f3 Bb4+ 7. Nc3 Qc7 8.
Be3 O-O 9. Be2 d5 10. exd5 exd5 11. Qb3 Bxc3+ 12. Qxc3 Re8 13. Kf2 dxc4 14.
Qxc4 Qe7 15. Bg5 Ng4+ 16. fxg4 Qxg5 17. Nc2 Be6 18. Qb4 Nc6 19. Qxb7 Qc5+
20. Ne3 Bxa2 21. Bf3 Qxe3+ 22. Kg3 Qe5+ 23. Kh3 Bd5 24. Bxd5 Qxd5 25. Rhe1
h5 26. Ra4 hxg4+ 27. Rxg4 Qh5+ 28. Kg3 Ne5 29. Rge4 Rad8 30. h3 Rd3+ 31.
Kf2 Rd2+ 32. Kg1 Nf3+ 33. Kf1 Rf8 34. Qb4 Nxe1 35. Qxd2 Qf5+ 36. Rf4 Qd3+
37. Kxe1 Re8+ 38. Kd1 Qb1+ 39. Qc1 Re1+ { White resigns } 0-1

[Event "ICC tourney 2517 (60 10)"]
[Site "Internet Chess Club"]
[Date "2021.04.17"]
[Round "3"]
[White "MYSORE, ABHINAV NAVEEN:Mapking1"]
[Black "Reiss, Aiden:Aidenrchess"]
[Result "1/2-1/2"]
[ICCResult "Game drawn by mutual agreement"]
[WhiteElo "1999"]
[BlackElo "1853"]
[Opening "Sicilian: Najdorf, Byrne (English) attack"]
[ECO "B90"]
[NIC "SI.14"]
[Time "16:31:13"]
[PlyCount "66"]
[TimeControl "3600+10"]

1. e4 c5 2. Nf3 d6 3. d4 cxd4 4. Nxd4 Nf6 5. Nc3 a6 6. Be3 e5 7. Nb3 Be6 8.
f3 Be7 9. Qd2 O-O 10. O-O-O Nbd7 11. Kb1 b5 12. Nd5 Bxd5 13. exd5 Nb6 14.
Bxb6 Qxb6 15. Bd3 a5 16. Nc1 a4 17. g4 b4 18. Be4 Nd7 19. Nd3 b3 20. cxb3
axb3 21. a3 Rfc8 22. Nb4 Nc5 23. Nc6 Rc7 24. h4 Ra4 25. Qe3 Qb5 26. Bd3 Qb6
27. Rc1 Rxc6 28. dxc6 Qxc6 29. Rc4 Ra7 30. Qe4 Nxe4 31. Rxc6 Nd2+ 32. Kc1
Nxf3 33. Rc8+ Bf8 { Game drawn by mutual agreement } 1/2-1/2

[Event "ICC tourney 2517 (60 10)"]
[Site "Internet Chess Club"]
[Date "2021.04.17"]
[Round "3"]
[White "Ananth, Ananya:Ananya22609"]
[Black "Kulkarni, Tanush:TeeKay2020"]
[Result "0-1"]
[ICCResult "White resigns"]
[WhiteElo "1637"]
[BlackElo "1732"]
[Opening "French: advance, Paulsen attack"]
[ECO "C02"]
[NIC "FR.03"]
[Time "16:31:17"]
[PlyCount "136"]
[TimeControl "3600+10"]

1. e4 e6 2. d4 d5 3. e5 c5 4. c3 Nc6 5. Nf3 Qb6 6. a3 c4 7. Nbd2 Na5 8. Be2
Bd7 9. O-O Ne7 10. Rb1 Qc7 11. Kh1 Nc8 12. Ng1 Nb6 13. Qe1 Be7 14. f4 h6
15. Qg3 g6 16. Bd1 O-O-O 17. b3 cxb3 18. Nxb3 Nac4 19. Nf3 Kb8 20. Nfd2 Rc8
21. Nxc4 Nxc4 22. Nd2 Nxd2 23. Bxd2 Bc6 24. Be2 Qd8 25. Rb3 Rh7 26. Rfb1
Ka8 27. a4 g5 28. Bb5 Bxb5 29. Rxb5 Rb8 30. Qd3 Rg7 31. c4 gxf4 32. Ba5 Qd7
33. cxd5 exd5 34. Qb3 Rg6 35. Rxd5 Qc6 36. Qb5 Qc2 37. Qb2 Qc6 38. Rb5 f3
39. g3 Qe4 40. Qf2 b6 41. Bd2 Rc6 42. Re1 Qd3 43. Be3 Qc3 44. d5 Rc4 45. d6
Bd8 46. Qxf3+ Rb7 47. Rc1 Qd3 48. Rxc4 Qxc4 49. Rb1 Kb8 50. Rc1 Qxa4 51.
Qf5 Qd7 52. Qc2 h5 53. Bf4 b5 54. Rb1 b4 55. Qe4 a5 56. Bd2 Qg4 57. Qxg4
hxg4 58. Kg2 Rb5 59. Bf4 Kc8 60. h4 gxh3+ 61. Kxh3 a4 62. Kg4 a3 63. Kf5
Kd7 64. Be3 a2 65. Rh1 b3 66. Bd4 b2 67. Rh7 b1=Q+ 68. Kg4 Qxh7 { White
resigns } 0-1

[Event "ICC tourney 2517 (60 10)"]
[Site "Internet Chess Club"]
[Date "2021.04.17"]
[Round "3"]
[White "YU, SICHENG:CheddarCheng1"]
[Black "WANG, FELICITY:fireheart"]
[Result "0-1"]
[ICCResult "White checkmated"]
[WhiteElo "1427"]
[BlackElo "1649"]
[Opening "Giuoco Piano"]
[ECO "C50"]
[NIC "IG.02"]
[Time "16:31:14"]
[PlyCount "76"]
[TimeControl "3600+10"]

1. e4 e5 2. Nf3 Nc6 3. Bc4 Bc5 4. O-O d6 5. c3 Bb6 6. d4 Qe7 7. Re1 Nf6 8.
Bg5 h6 9. Bh4 g5 10. Bg3 Rg8 11. dxe5 dxe5 12. Bd5 Nd7 13. Qa4 Rg6 14. Nbd2
h5 15. Nc4 Nc5 16. Qc2 f6 17. b4 Ne6 18. a4 a6 19. Nxb6 cxb6 20. h3 h4 21.
Bh2 Qh7 22. Nd2 g4 23. hxg4 Rxg4 24. Nc4 Qc7 25. Qe2 Rg5 26. b5 Ne7 27.
Rac1 Ng6 28. Ne3 Ngf4 29. Bxf4 Nxf4 30. Qd2 Qg7 31. f3 Bh3 32. Re2 Nxe2+
33. Qxe2 Bxg2 34. Kh2 Bh3 35. bxa6 Rxa6 36. Qb5+ Bd7 37. Qc4 Rg3 38. Bxb7
Rh3# { White checkmated } 0-1

[Event "ICC tourney 2517 (60 10)"]
[Site "Internet Chess Club"]
[Date "2021.04.17"]
[Round "3"]
[White "MUNDAYAT, Abinav Rajiv:carlsthe1"]
[Black "SRINIVASAN, ARJUN:ajedrez7"]
[Result "1-0"]
[ICCResult "Black resigns"]
[WhiteElo "2124"]
[BlackElo "1606"]
[Opening "Sicilian: Taimanov (Bastrikov) variation"]
[ECO "B47"]
[NIC "SI.40"]
[Time "16:31:25"]
[PlyCount "61"]
[TimeControl "3600+10"]

1. e4 c5 2. Nf3 e6 3. d4 cxd4 4. Nxd4 Nc6 5. Nc3 Qc7 6. Ndb5 Qb8 7. Be3 a6
8. Bb6 axb5 9. Nxb5 Bb4+ 10. c3 Ba5 11. Nc7+ Qxc7 12. Bxc7 Bxc7 13. Qg4 Kf8
14. Bb5 Nf6 15. Qh4 d5 16. exd5 Nxd5 17. O-O Nce7 18. Bd3 h6 19. Qc4 b6 20.
Rfd1 Bb7 21. Be4 Rc8 22. Qb3 Ba6 23. Bxd5 exd5 24. Qa3 Bb7 25. Re1 Bd8 26.
Re3 Kg8 27. Rxe7 Bxe7 28. Qxe7 Ba6 29. Re1 Kh7 30. Qxf7 Rhf8 31. Qa7 {
Black resigns } 1-0

[Event "ICC tourney 2517 (60 10)"]
[Site "Internet Chess Club"]
[Date "2021.04.17"]
[Round "3"]
[White "GUILLEMETTE, HUGO:Heliosis"]
[Black "WANG, ELLEN:SkyAngel"]
[Result "0-1"]
[ICCResult "White resigns"]
[WhiteElo "1894"]
[BlackElo "2168"]
[Opening "Caro-Kann: advance variation"]
[ECO "B12"]
[NIC "CK.02"]
[Time "16:31:15"]
[PlyCount "78"]
[TimeControl "3600+10"]

1. e4 c6 2. d4 d5 3. e5 c5 4. dxc5 e6 5. a3 Bxc5 6. Nf3 Nc6 7. Bd3 Nge7 8.
O-O Ng6 9. b4 Bb6 10. Bb2 O-O 11. Re1 Qc7 12. Nbd2 Rd8 13. Nf1 Bd7 14. Ng3
Rac8 15. h4 Nce7 16. Qd2 h6 17. h5 Nf8 18. Rad1 a5 19. Qf4 axb4 20. axb4
Ra8 21. Ra1 Nc6 22. b5 Na7 23. Qb4 Bc5 24. Qg4 Bxb5 25. Bd4 Bxd3 26. cxd3
Bxd4 27. Nxd4 Nc6 28. Rac1 Qb6 29. Nf3 Ra2 30. d4 Rda8 31. Rb1 Rb2 32. Rxb2
Qxb2 33. Re2 Qb4 34. Qf4 Ra4 35. Rd2 b5 36. Ne2 Qb1+ 37. Kh2 b4 38. Qe3 Ra3
39. Qf4 Na5 { White resigns } 0-1

[Event "ICC tourney 2517 (60 10)"]
[Site "Internet Chess Club"]
[Date "2021.04.17"]
[Round "3"]
[White "NEMMALI, PRATEEK R:Priccchess"]
[Black "BUCHANAN, ROYAL:Royalegod"]
[Result "1-0"]
[ICCResult "Black checkmated"]
[WhiteElo "1822"]
[BlackElo "1922"]
[Opening "Sicilian: Hungarian variation"]
[ECO "B34"]
[NIC "SI.43"]
[Time "16:31:16"]
[PlyCount "157"]
[TimeControl "3600+10"]

1. e4 c5 2. Nf3 g6 3. d4 cxd4 4. Nxd4 Bg7 5. Nc3 Nc6 6. Be3 Nf6 7. Nxc6
bxc6 8. e5 Ng8 9. Bd4 Nh6 10. e6 O-O 11. Bxg7 Kxg7 12. Qd4+ f6 13. exd7
Qxd7 14. Qxd7 Bxd7 15. O-O-O Rfd8 16. h3 e5 17. Bc4 Be8 18. Ne4 Bf7 19.
Bxf7 Kxf7 20. c3 Rd5 21. c4 Rdd8 22. Ng3 Ke6 23. Kc2 Nf7 24. Rhe1 f5 25.
Ne2 Nd6 26. Nd4+ Kd7 27. Rxe5 Re8 28. Rxe8 Rxe8 29. c5 Ne4 30. Nxf5+ Kc8
31. Nd6+ Nxd6 32. cxd6 Kd7 33. Rd2 Re5 34. Kd1 Ra5 35. a3 Re5 36. Rd3 Rb5
37. b3 Rf5 38. f3 Re5 39. Kd2 a6 40. f4 Rf5 41. g3 Rf6 42. Kc3 h6 43. h4 h5
44. Kc4 Rf5 45. b4 Rb5 46. a4 Rf5 47. Rd2 Rf8 48. Re2 Kxd6 49. Re5 Rf6 50.
Kd4 Rf7 51. Rg5 Rf6 52. Ra5 Re6 53. Rxa6 Re1 54. b5 Ra1 55. Rxc6+ Kd7 56.
Rxg6 Rxa4+ 57. Kc5 Ra3 58. Rg7+ Kc8 59. b6 Rc3+ 60. Kd4 Rc6 61. b7+ Kb8 62.
f5 Rf6 63. Ke5 Ra6 64. f6 Ra5+ 65. Ke6 Ra6+ 66. Kf5 Ra5+ 67. Ke4 Ra4+ 68.
Kd5 Ra5+ 69. Kc4 Ra4+ 70. Kb5 Ra7 71. Rg8+ Kxb7 72. Rg7+ Kb8 73. Rxa7 Kxa7
74. f7 Kb7 75. f8=Q Kc7 76. Kc5 Kd7 77. Qf7+ Kd8 78. Kc6 Kc8 79. Qf8# {
Black checkmated } 1-0

[Event "ICC tourney 2517 (60 10)"]
[Site "Internet Chess Club"]
[Date "2021.04.17"]
[Round "3"]
[White "CHAN, JADEN J:acushemama"]
[Black "TAI, EMILY:ETfhonehome"]
[Result "1/2-1/2"]
[ICCResult "Game drawn by mutual agreement"]
[WhiteElo "1522"]
[BlackElo "1297"]
[Opening "QGD Slav: 4.Nc3"]
[ECO "D15"]
[NIC "SL.03"]
[Time "16:31:11"]
[PlyCount "132"]
[TimeControl "3600+10"]

1. d4 d5 2. c4 c6 3. Nc3 Nf6 4. Nf3 Bg4 5. e3 e6 6. Be2 dxc4 7. Bxc4 Bd6 8.
h3 Bh5 9. Bd2 O-O 10. O-O Nbd7 11. Re1 e5 12. Be2 Re8 13. dxe5 Nxe5 14. Nd4
Bxe2 15. Qxe2 h6 16. Nf5 Re6 17. e4 b5 18. Nxd6 Rxd6 19. Bf4 Re6 20. Rad1
Qe8 21. Bxe5 Rxe5 22. f4 Re6 23. e5 Nd7 24. Ne4 f6 25. exf6 Nc5 26. Rd4
Nxe4 27. Rxe4 Rxe4 28. Qxe4 Qxe4 29. Rxe4 gxf6 30. Re6 Kf7 31. Rxc6 a6 32.
Rb6 Kg6 33. g4 Rd8 34. Rxa6 Rd1+ 35. Kf2 Rd2+ 36. Kg3 Rd3+ 37. Kh4 Rf3 38.
f5+ Kg7 39. Ra7+ Kf8 40. Rh7 Rf2 41. Rxh6 Kg7 42. Rg6+ Kf7 43. Kh5 Rxb2 44.
g5 fxg5 45. Kxg5 Rxa2 46. h4 b4 47. Rb6 Rg2+ 48. Kh5 Rb2 49. Kh6 b3 50. h5
Rf2 51. Rxb3 Rxf5 52. Rb7+ Kf6 53. Rb8 Kf7 54. Rb1 Kf6 55. Rh1 Kf7 56. Kh7
Rf6 57. h6 Kf8 58. Kh8 Rf7 59. h7 Rg7 60. Rf1+ Rf7 61. Ra1 Rf6 62. Ra8+ Kf7
63. Rg8 Rf5 64. Rg7+ Kf8 65. Rg6 Kf7 66. Rg8 Rf6 { Game drawn by mutual
agreement } 1/2-1/2

[Event "ICC tourney 2517 (60 10)"]
[Site "Internet Chess Club"]
[Date "2021.04.17"]
[Round "3"]
[White "DASARI, SUSHMA REDDY:sushmadasari"]
[Black "HUANG, KYLAN Z:KylanHuang"]
[Result "0-1"]
[ICCResult "White resigns"]
[WhiteElo "1716"]
[BlackElo "1890"]
[Opening "Ruy Lopez: 5.O-O"]
[ECO "C78"]
[NIC "RL.12"]
[Time "16:31:36"]
[PlyCount "134"]
[TimeControl "3600+10"]

1. e4 e5 2. Nf3 Nc6 3. Bb5 a6 4. Ba4 Nf6 5. O-O b5 6. Bb3 Bc5 7. d3 d6 8.
c3 Bb6 9. h3 Ne7 10. Re1 Ng6 11. Nbd2 O-O 12. Nf1 c5 13. d4 Bb7 14. Bc2 Qc7
15. Bb1 Rac8 16. Ng3 Rfe8 17. d5 c4 18. Be3 a5 19. Bc2 Bxe3 20. Rxe3 Ba6
21. a3 Rb8 22. Nf5 Bc8 23. N3h4 Bd7 24. Qd2 Rb6 25. b3 Reb8 26. bxc4 bxc4
27. Ree1 Rb2 28. Nxg6 hxg6 29. Ne3 Nxe4 30. Qd1 Ng5 31. f3 Qc5 32. Qe2 Ba4
33. Kh1 Bxc2 34. Nxc2 Qxd5 35. Red1 Qc6 36. Rd2 Ne6 37. Rad1 Nf4 38. Qe4
Qxe4 39. fxe4 Nd3 40. Ne3 Nf2+ 41. Rxf2 Rxf2 42. Nxc4 Rc2 43. Nxa5 Rxc3 44.
Rxd6 Rxa3 45. Nc4 Ra1+ 46. Kh2 f6 47. Ne3 Ra4 48. Rd2 Rxe4 49. Nf1 Rd4 50.
Re2 Kf7 51. Ng3 Rbb4 52. Kg1 Ke6 53. Kf2 Rf4+ 54. Kg1 f5 55. Rd2 Rfd4 56.
Rc2 Rd3 57. Ne2 Rb1+ 58. Kf2 Rb6 59. Rc7 Rd7 60. Rc2 Rbd6 61. Kf3 Rd3+ 62.
Kf2 Rd2 63. Rc3 Ra2 64. Rc6+ Rd6 65. Rc7 Rdd2 66. Rxg7 Rxe2+ 67. Kf3 Rxg2 {
White resigns } 0-1

[Event "ICC tourney 2517 (60 10)"]
[Site "Internet Chess Club"]
[Date "2021.04.17"]
[Round "3"]
[White "ZHANG, ROGER:RogerZ"]
[Black "NANUGONDA, VISHVA:Vish1080"]
[Result "1/2-1/2"]
[ICCResult "Game drawn by mutual agreement"]
[WhiteElo "1950"]
[BlackElo "1832"]
[Opening "Sicilian: Nimzovich-Rossolimo attack (with ...g6, without ...d6)"]
[ECO "B31"]
[NIC "SI.31"]
[Time "16:31:14"]
[PlyCount "90"]
[TimeControl "3600+10"]

1. e4 c5 2. Nf3 Nc6 3. Bb5 g6 4. O-O Bg7 5. Re1 e6 6. Bxc6 dxc6 7. d3 Ne7
8. Nbd2 O-O 9. e5 Nf5 10. Ne4 b6 11. Bg5 Qc7 12. Bf6 h6 13. a4 Ne7 14. a5
Bb7 15. Qd2 Nd5 16. Bxg7 Kxg7 17. Nd6 Rad8 18. axb6 Qxb6 19. Qa5 Ba8 20.
Nc4 Qxa5 21. Rxa5 Nb4 22. Re2 a6 23. Rxc5 Rd5 24. Rxd5 cxd5 25. Nb6 Bc6 26.
Nd4 Bb5 27. Nxb5 axb5 28. Rd2 Rb8 29. Nd7 Rc8 30. c3 d4 31. Kf1 dxc3 32.
bxc3 Rxc3 33. Ke2 Nd5 34. g3 b4 35. Nf6 Nxf6 36. exf6+ Kxf6 37. Rb2 b3 38.
Kd2 Rc2+ 39. Rxc2 bxc2 40. Kxc2 Ke5 41. Kc3 Kd5 42. f3 f5 43. d4 g5 44. Kd3
e5 45. dxe5 Kxe5 { Game drawn by mutual agreement } 1/2-1/2

[Event "ICC tourney 2517 (60 10)"]
[Site "Internet Chess Club"]
[Date "2021.04.17"]
[Round "3"]
[White "ZHUGE, KATHERINE:FlowingMelody"]
[Black "CHEN, HENRY:Bluebird1222"]
[Result "0-1"]
[ICCResult "White resigns"]
[WhiteElo "1428"]
[BlackElo "1669"]
[Opening "Sicilian: dragon, Yugoslav attack, 9...Bd7"]
[ECO "B77"]
[NIC "SI.18"]
[Time "16:31:24"]
[PlyCount "122"]
[TimeControl "3600+10"]

1. e4 c5 2. Nf3 d6 3. d4 cxd4 4. Nxd4 Nf6 5. Nc3 g6 6. Be3 Bg7 7. f3 O-O 8.
Bc4 Nc6 9. Qd2 Bd7 10. Bb3 Rc8 11. O-O-O Ne5 12. Kb1 Nc4 13. Bxc4 Rxc4 14.
h4 h5 15. Nb3 a5 16. Bh6 a4 17. Bxg7 Kxg7 18. Nd4 Rc5 19. Nde2 b5 20. Nd5
Nxd5 21. exd5 Bf5 22. Nd4 Rxd5 23. g4 hxg4 24. Nxf5+ Rxf5 25. fxg4 Re5 26.
h5 Rh8 27. hxg6 fxg6 28. Rdf1 Qa8 29. Rxh8 Qxh8 30. Qf4 Qg8 31. Rh1 g5 32.
Qh2 Re6 33. Qh5 Rg6 34. Rf1 b4 35. Qh1 b3 36. axb3 axb3 37. cxb3 Qxb3 38.
Rf3 Qe6 39. Rg3 Qe5 40. Rg1 Re6 41. Qa8 Rf6 42. Rh1 Rf8 43. Qg2 Rb8 44. Qc2
Rh8 45. Rf1 Rh2 46. Qb3 d5 47. Ka1 Rh8 48. Kb1 Qe4+ 49. Qc2 Qxg4 50. Qc3+
d4 51. Qc4 Qe4+ 52. Kc1 Rf8 53. Rxf8 Kxf8 54. Qc8+ Kg7 55. Qc5 Qe3+ 56. Kb1
g4 57. Qc8 Qe4+ 58. Ka2 g3 59. Qc5 Kf6 60. Ka1 g2 61. Qb6+ Kg7 { White
resigns } 0-1

[Event "ICC tourney 2517 (60 10)"]
[Site "Internet Chess Club"]
[Date "2021.04.17"]
[Round "3"]
[White "NICHOLSON, IAN:outpost"]
[Black "Kashyap, Mahati B:mnm1"]
[Result "1-0"]
[ICCResult "Black checkmated"]
[WhiteElo "1819"]
[BlackElo "1580"]
[Opening "Sicilian: closed"]
[ECO "B23"]
[NIC "SI.44"]
[Time "16:31:11"]
[PlyCount "83"]
[TimeControl "3600+10"]

1. e4 c5 2. Nc3 d6 3. g3 Nc6 4. Bg2 Nf6 5. d3 g6 6. h3 Bg7 7. Be3 O-O 8.
Qd2 a6 9. Nd1 Be6 10. Ne2 b5 11. O-O Qc8 12. Kh2 Rd8 13. f4 b4 14. g4 Qc7
15. Ng3 a5 16. f5 Bc8 17. g5 Nd7 18. h4 Nde5 19. Bf4 a4 20. a3 Nd4 21. Ne3
Bb7 22. axb4 cxb4 23. Qxb4 Rdb8 24. Qd2 Rc8 25. Ne2 Nxc2 26. Rfc1 Qb6 27.
Rxc2 Rxc2 28. Qxc2 Rc8 29. Nc3 Nc6 30. Ned5 Qd8 31. Rxa4 Nd4 32. Qf2 Qd7
33. Rxd4 Bxd4 34. Qxd4 Bxd5 35. Nxd5 Rc2 36. f6 e6 37. Ne7+ Kf8 38. Bxd6
Ke8 39. e5 Qb7 40. Qa4+ Kd8 41. Qxc2 Qa7 42. Qc8# { Black checkmated } 1-0

[Event "ICC tourney 2517 (60 10)"]
[Site "Internet Chess Club"]
[Date "2021.04.17"]
[Round "3"]
[White "GILLSTON, NOAH:Noahchess328"]
[Black "KATSMAN, DAVID:davika21"]
[Result "0-1"]
[ICCResult "White resigns"]
[WhiteElo "1604"]
[BlackElo "1884"]
[Opening "Scotch: Göring gambit"]
[ECO "C44"]
[NIC "SO.06"]
[Time "16:31:31"]
[PlyCount "184"]
[TimeControl "3600+10"]

1. e4 e5 2. Nf3 Nc6 3. d4 exd4 4. c3 dxc3 5. Nxc3 d6 6. Bc4 Be7 7. Qb3 Be6
8. Bxe6 fxe6 9. Qxb7 Na5 10. Qa6 c5 11. Qb5+ Kf7 12. O-O h6 13. Rd1 Rb8 14.
Qa4 Rb4 15. Qc2 Nc6 16. a3 Rb7 17. Be3 Qb8 18. Rab1 Bf6 19. e5 Nxe5 20.
Nxe5+ Bxe5 21. f4 Bxc3 22. bxc3 Rxb1 23. Rxb1 Qc7 24. f5 e5 25. Qb3+ c4 26.
Qb7 Qxb7 27. Rxb7+ Ne7 28. Bxa7 Kf6 29. Rd7 Nxf5 30. g4 Ke6 31. Rc7 Ne7 32.
Rxc4 Nd5 33. a4 Ra8 34. Bf2 Nf4 35. Be3 Kd5 36. Rc7 Ne6 37. c4+ Ke4 38. Ra7
Rc8 39. Re7 Kxe3 40. Rxe6 Rxc4 41. Rxd6 Rxg4+ 42. Kf1 Rxa4 43. Rg6 Ra1+ 44.
Kg2 Ra7 45. Kg3 Rf7 46. Rd6 e4 47. Kg2 Rf6 48. Rd7 g6 49. Rd8 Ke2 50. Rh8
g5 51. Kg3 e3 52. Ra8 Rd6 53. Ra2+ Ke1 54. Ra1+ Rd1 55. Ra2 Rd2 56. Ra1+
Ke2 57. Rb1 Rd6 58. Rb2+ Kd3 59. Rb3+ Kd2 60. Rb2+ Kc3 61. Ra2 Re6 62. Kf3
g4+ 63. Ke2 h5 64. Ra3+ Kd4 65. Ra4+ Kd5 66. Ra5+ Ke4 67. Rxh5 Ra6 68. Rh8
Ra2+ 69. Kf1 Ra1+ 70. Ke2 Ra2+ 71. Kf1 Rf2+ 72. Ke1 Kf3 73. Rf8+ Kg2 74.
Rg8 Kf3 75. Rf8+ Kg2 76. Rg8 Rf4 77. Ke2 Kxh2 78. Kxe3 Kg3 79. Rh8 Rf7 80.
Rg8 Re7+ 81. Kd2 Kf3 82. Rf8+ Kg2 83. Rg8 g3 84. Rh8 Kf2 85. Rf8+ Kg1 86.
Rg8 g2 87. Rf8 Re5 88. Rh8 Kf2 89. Rf8+ Kg3 90. Rg8+ Kf3 91. Rf8+ Kg4 92.
Rg8+ Rg5 { White resigns } 0-1

[Event "ICC tourney 2517 (60 10)"]
[Site "Internet Chess Club"]
[Date "2021.04.17"]
[Round "3"]
[White "GOLDEN, RIPLEY:rgolden277"]
[Black "LOCHAM, DIVJOT SINGH:winner08"]
[Result "1-0"]
[ICCResult "Black checkmated"]
[WhiteElo "1554"]
[BlackElo "1809"]
[Opening "Grünfeld with Bf4 & e3"]
[ECO "D93"]
[NIC "QP.03"]
[Time "16:32:00"]
[PlyCount "205"]
[TimeControl "3600+10"]

1. d4 Nf6 2. Nf3 g6 3. Bf4 Bg7 4. e3 O-O 5. c4 d5 6. Nc3 e6 7. Be2 Nbd7 8.
O-O b6 9. Rc1 c5 10. Bd6 Re8 11. Nb5 Ne4 12. b3 a6 13. Bc7 Qe7 14. Nc3 Nxc3
15. Rxc3 Ra7 16. Bg3 Nf6 17. Bh4 dxc4 18. bxc4 cxd4 19. exd4 Qc7 20. Qc2
Bb7 21. Rb1 Ne4 22. Rcb3 b5 23. c5 Bd5 24. Rb4 Qa5 25. a4 bxa4 26. Rxa4 Qc3
27. Qd1 Rb7 28. Rxb7 Bxb7 29. Bxa6 Bd5 30. Qd3 Qc1+ 31. Qf1 Qc2 32. Bb5 Rb8
33. h3 Nc3 34. Ra5 Bxf3 35. gxf3 Bxd4 36. Bd3 Qb2 37. Bg3 Rc8 38. Bd6 Qb4
39. Ra6 Bxc5 40. Bg3 Qd4 41. Bb5 Qd5 42. Be2 Qg5 43. Kh2 Nd5 44. Qb1 Nf4
45. Bf1 Nd5 46. Qb7 Rf8 47. Qb5 Be7 48. Ra5 Qf6 49. Qd3 Nf4 50. Qd2 Nh5 51.
Bg2 Nxg3 52. fxg3 Rb8 53. Ra2 Rd8 54. Qe2 Bd6 55. f4 Bc5 56. Rc2 Qd4 57.
Rc1 Rb8 58. Rd1 Qc3 59. Qf1 Qc2 60. Qe1 Rb2 61. Rd8+ Bf8 62. Qf1 Rb1 63.
Qf3 Qc1 64. Qf2 Rb2 65. Qf3 Qc7 66. Rxf8+ Kxf8 67. Qa3+ Qe7 68. Qxb2 Kg8
69. Qd4 g5 70. fxg5 Qxg5 71. Qc4 Kg7 72. Qd4+ Kg8 73. Qd6 Kg7 74. Bf3 Qf5
75. Bg2 Qg5 76. h4 Qf5 77. Qd4+ Qf6 78. Qg4+ Qg6 79. Kh3 h5 80. Qf4 Qf5+
81. Qxf5 exf5 82. Bf3 Kg6 83. Kg2 f6 84. Kf2 Kh6 85. Ke3 Kg6 86. Kf4 Kh6
87. Kxf5 Kg7 88. Bxh5 Kh6 89. Kxf6 Kxh5 90. Kg7 Kg4 91. Kg6 Kxg3 92. h5 Kg4
93. h6 Kf4 94. h7 Ke5 95. h8=Q+ Ke6 96. Qe8+ Kd6 97. Kf5 Kc7 98. Ke5 Kb6
99. Kd5 Kc7 100. Kc5 Kb7 101. Qd7+ Kb8 102. Kb6 Ka8 103. Qa7# { Black
checkmated } 1-0

[Event "ICC tourney 2517 (60 10)"]
[Site "Internet Chess Club"]
[Date "2021.04.17"]
[Round "3"]
[White "CHASIN, NICO WERNER:nicochasin"]
[Black "GAW, CHLOE:HarleyQueen8"]
[Result "1/2-1/2"]
[ICCResult "Game drawn by mutual agreement"]
[WhiteElo "2417"]
[BlackElo "1905"]
[Opening "Sicilian"]
[ECO "B56"]
[NIC "SI.25"]
[Time "16:32:00"]
[PlyCount "129"]
[TimeControl "3600+10"]

1. e4 c5 2. Nf3 d6 3. Nc3 Nc6 4. d4 cxd4 5. Nxd4 Nf6 6. Be3 Ng4 7. Bg5 h6
8. Bc1 Qb6 9. Bb5 Bd7 10. O-O Qxd4 11. Bxc6 Qxd1 12. Bxd7+ Kxd7 13. Rxd1
Rd8 14. f4 Kc8 15. h3 Nf6 16. Be3 Kb8 17. e5 Ne8 18. exd6 Nxd6 19. f5 g6
20. fxg6 fxg6 21. Nb5 a6 22. Nd4 h5 23. Ne6 Rc8 24. Bd4 Rg8 25. Be5 Ka8 26.
Bxd6 exd6 27. c3 Be7 28. Rf1 d5 29. Rad1 Bc5+ 30. Nxc5 Rxc5 31. Rf6 Rc6 32.
Rxc6 bxc6 33. Re1 Kb7 34. Re6 g5 35. g3 g4 36. h4 Rh8 37. Re5 Kc7 38. Kf2
Kd6 39. Rf5 Ke6 40. Rf4 Rh7 41. Ke3 Ke5 42. Rf8 Rh6 43. b4 Kd6 44. Rf5 Kc7
45. Kf4 Kb6 46. Kg5 Rh8 47. a4 a5 48. bxa5+ Kxa5 49. c4 Kxa4 50. cxd5 c5
51. d6 c4 52. d7 Rd8 53. Rc5 Kb3 54. Rc7 c3 55. Kxh5 c2 56. Kxg4 Rxd7 57.
Rxd7 c1=Q 58. Rf7 Qc4+ 59. Rf4 Qg8+ 60. Kh3 Qe6+ 61. Kg2 Qe2+ 62. Rf2 Qg4
63. Rf3+ Kc2 64. Rf4 Qe6 65. Rf2+ { Game drawn by mutual agreement }
1/2-1/2

[Event "ICC tourney 2517 (60 10)"]
[Site "Internet Chess Club"]
[Date "2021.04.18"]
[Round "4"]
[White "Messinger, Dashiell:dancingbananas"]
[Black "MISHRA, ARYAN:incredibleking"]
[Result "1-0"]
[ICCResult "Black resigns"]
[WhiteElo "1251"]
[BlackElo "1736"]
[Opening "Scotch game"]
[ECO "C45"]
[NIC "SO.05"]
[Time "10:02:47"]
[PlyCount "57"]
[TimeControl "3600+10"]

1. e4 e5 2. Nf3 Nc6 3. d4 exd4 4. Nxd4 Bc5 5. Be3 Nf6 6. Nxc6 dxc6 7. Qxd8+
Kxd8 8. Bxc5 Nxe4 9. Be3 Bf5 10. f3 Nf6 11. Na3 Kd7 12. O-O-O+ Ke7 13. Bc5+
Ke8 14. Re1+ Kd7 15. Re7+ Kc8 16. Bc4 b6 17. Bb4 a5 18. Bc3 b5 19. Bxf6
gxf6 20. Bxf7 Kb7 21. Rd1 h6 22. g4 Bc8 23. Nb1 h5 24. Bxh5 Rg8 25. h3 f5
26. Nc3 fxg4 27. hxg4 Rf8 28. g5 Rxf3 29. Bxf3 { Black resigns } 1-0

[Event "ICC tourney 2517 (60 10)"]
[Site "Internet Chess Club"]
[Date "2021.04.18"]
[Round "4"]
[White "ESPINAL, GABRIEL:vsausemicheal"]
[Black "YU, SICHENG:CheddarCheng1"]
[Result "1-0"]
[ICCResult "Black resigns"]
[WhiteElo "1590"]
[BlackElo "1427"]
[Opening "Queen's pawn game"]
[ECO "D00"]
[NIC "QP.07"]
[Time "10:02:35"]
[PlyCount "87"]
[TimeControl "3600+10"]

1. d4 Nf6 2. Nc3 d5 3. Bf4 g6 4. Nf3 Bg7 5. Qd2 Nc6 6. O-O-O Bf5 7. e3 Be4
8. Be2 Ng4 9. Rdf1 e5 10. dxe5 Ngxe5 11. Nxe5 Nxe5 12. f3 Bf5 13. Qxd5 Qxd5
14. Nxd5 h6 15. Nxc7+ Ke7 16. Nxa8 Rxa8 17. Rd1 Rc8 18. e4 Be6 19. Kb1 g5
20. Be3 a6 21. Bd4 f5 22. exf5 Bxf5 23. Rc1 Ke6 24. Bxe5 Bxe5 25. Bd3 Rc5
26. Bxf5+ Kxf5 27. Rhe1 Rb5 28. c3 Bf4 29. Rcd1 Bxh2 30. Kc2 Bg3 31. Rh1
Rb6 32. Rh3 Bf4 33. Rdh1 g4 34. Rh5+ Bg5 35. fxg4+ Kxg4 36. R5h3 Rd6 37.
Rd1 Re6 38. Rd4+ Kf5 39. Rf3+ Kg6 40. Kd3 b5 41. Rf2 Re3+ 42. Kc2 Re6 43.
Rd3 Be3 44. Re2 { Black resigns } 1-0

[Event "ICC tourney 2517 (60 10)"]
[Site "Internet Chess Club"]
[Date "2021.04.18"]
[Round "4"]
[White "Xiao, Michael:michaelxiao"]
[Black "BAILEY, AIDEN:upcomingmaster"]
[Result "0-1"]
[ICCResult "White checkmated"]
[WhiteElo "1272"]
[BlackElo "1549"]
[Opening "Caro-Kann: exchange variation"]
[ECO "B13"]
[NIC "CK.02"]
[Time "10:02:42"]
[PlyCount "70"]
[TimeControl "3600+10"]

1. e4 c6 2. d4 d5 3. exd5 cxd5 4. Nf3 Nc6 5. Bd3 g6 6. O-O Bg7 7. c3 Nh6 8.
Bg5 O-O 9. Re1 f6 10. Bf4 Nf7 11. Nbd2 e5 12. dxe5 fxe5 13. Bg5 Nxg5 14.
Nxg5 Qxg5 15. c4 dxc4 16. Bxc4+ Kh8 17. Nf3 Qf6 18. Re4 Bf5 19. Re3 Rad8
20. Qb3 Na5 21. Qc3 Nxc4 22. Qxc4 e4 23. Ne1 Qxb2 24. Rc1 Rc8 25. Rc2 Rxc4
26. Rxb2 Bxb2 27. Rb3 Rc1 28. Kf1 Bc3 29. f3 Rxe1+ 30. Kf2 Rc8 31. Rxb7
exf3 32. gxf3 Rd1 33. Kg3 Be5+ 34. Kh4 Rg1 35. f4 Bf6# { White checkmated }
0-1